 Dungeon Crawl Stone Soup version 0.31.0-11-ge490571c62 (webtiles) character file.

Game seed: 13138382968162532934

3739 hawla the Cleaver (level 10, -1/115 (124) HPs)
             Began as a Hill Orc Monk on Jan 28, 2024.
             Was a Believer of Beogh.
             Splashed by a jelly's acid (2 damage)
             ... on level 7 of the Dungeon.
             The game lasted 00:13:30 (6708 turns).

hawla the Cleaver (Hill Orc Monk)                   Turns: 6708, Time: 00:13:31

HP:   -1/115 (124)  AC: 21    Str: 19    XL:     10   Next: 15%
MP:   13/13         EV:  2    Int: 10    God:    Beogh [**....]
Gold: 275           SH:  0    Dex: 13    Spells: 9/9 levels left

rFire   . . .        a - +0 hand axe (venom)
rCold   . . .        d - orb {light}
rNeg    . . .        w - melded +1 robe of Vlad {rF+}
rPois   +            (helmet currently unavailable)
rElec   .            (cloak currently unavailable)
rCorr   .            (gloves currently unavailable)
SInv    .            m - melded +2 pair of boots
Will    .....        b - amulet of faith
Stlth   +            (no ring)
HPRegen 0.39/turn    (no ring)
MPRegen 0.13/turn

%: faith
@: tree-form (expiring), corroded, glowing, drained
A: stationary, stasis, torment immunity, boosted hp
a: Renounce Religion, Smiting


You were on level 7 of the Dungeon.
You worshipped Beogh.
Beogh was pleased with you.
You were a tree.
You visited 2 branches of the dungeon, and saw 8 of its levels.

You collected 275 gold pieces.

Inventory:

Hand Weapons
 a - a +0 hand axe of venom (weapon)
Missiles
 x - 8 poisoned darts (quivered)
Armour
 d - an orb of light (worn)
 m - a +2 pair of boots (melded)
 w - the +1 robe of Vlad (melded) {rF+}
   (You found it on level 5 of the Dungeon)

   rF+:       It protects you from fire.
Jewellery
 b - an amulet of faith (around neck)
Wands
 p - a wand of paralysis (13)
Scrolls
 e - a scroll of fog
 j - 2 scrolls of revelation {unknown}
 k - a scroll of immolation
 n - 2 scrolls of enchant armour
 q - 3 scrolls of identify
 r - 3 scrolls of teleportation
 s - 2 scrolls of vulnerability {unknown}
 t - a scroll of amnesia {unknown}
 u - a scroll of acquirement {unknown}
 v - a scroll of enchant weapon {unknown}
Potions
 g - 2 potions of cancellation
 i - 3 potions of enlightenment
 l - 2 potions of degeneration


   Skills:
 - Level 6.0 Fighting
 - Level 14.0 Axes
 - Level 6.0 Throwing
 - Level 5.0 Armour
 - Level 2.4 Dodging
 + Level 4.2 Invocations


You had 9 spell levels left.
You didn't know any spells.
Your spell library contained the following spells:

 Spells                   Type           Power      Damage    Failure   Level
 Blink                    Tloc           0%         N/A       50%         2
 Lesser Beckoning         Tloc           0%         N/A       50%         2
 Momentum Strike          Conj/Tloc      0%         3d8       50%         2


Dungeon Overview and Level Annotations

Branches:
Dungeon (7/15)             Temple (1/1) D:4

Altars:
Ashenzari
Cheibriados
Elyvilon
Fedhas
Gozag
Hepliaklqana
Kikubaaqudgha
Makhleb
Nemelex Xobeh
Okawaru
Qazlal
Sif Muna
Trog
Uskayaw
Vehumet
Xom
Yredelemnul
The Shining One

Shops:
D:3 [

Annotations:
D:7 1 transporter, Bravepunisher's ghost, weakling SpMo


Message History

The wight is moderately damaged.
Aiming: Throw Flame
Press: ? - help, Shift-Dir - straight line, f/p - wight
Aim: a wight, wielding a +0 halberd and wearing a +0 robe (moderately damaged, paralysed, haloed, 100% to hit)
The puff of flame hits the wight but does no damage.
The wight is moderately damaged.
The now-empty wand crumbles to dust.
Aiming: Paralyse
Press: ? - help, Shift-Dir - straight line, f/p - wight
Aim: a wight, wielding a +0 halberd and wearing a +0 robe (moderately damaged, paralysed, haloed, chance to affect: 49%) Nothing appears to happen.
The jelly quivers.
The wight is no longer paralysed.
The wight hits you but does no damage.
The wight hits you from afar with a +0 halberd.
* * * LOW HITPOINT WARNING * * *
You feel drained.
The wight hits you from afar with a +0 halberd.
* * * LOW HITPOINT WARNING * * *
Aiming: Paralyse
Press: ? - help, Shift-Dir - straight line, f/p - wight
Aim: a wight, wielding a +0 halberd and wearing a +0 robe (moderately damaged, haloed, chance to affect: 49%)
The wight resists with some effort.
The wight hits you but does no damage.
Aiming: Paralyse
Press: ? - help, Shift-Dir - straight line, f/p - wight
Aim: a wight, wielding a +0 halberd and wearing a +0 robe (moderately damaged, haloed, chance to affect: 49%)
The wight suddenly stops moving!
Your transformation is almost over.
The jelly hits you but does no damage.
Aiming: Paralyse
Press: ? - help, Shift-Dir - straight line, f - jelly, p - wight
Aim: a jelly (haloed, chance to affect: 57%)
The jelly suddenly stops moving!
You cannot move.
The helpless jelly fails to defend itself.
You hit the jelly. The acid corrodes you!
Your branches burn!
* * * LOW HITPOINT WARNING * * *
The jelly is lightly wounded.
The helpless jelly fails to defend itself.
You hit the jelly.
Your branches burn!
You die...

... .. #######.. #..
#######........# .##..
##..............#
.....####..z............##
#..#...)...............#
.###..)..J♣...............#
......)....)....)..........
.#.....†##.................
.........#......)..........
.........#............>....
.........#...............##
.......#..#.............###
....... ..#.....<.....### #
....... #.#..........##


You could see a jelly (paralysed) and a wight (paralysed).

Vanquished Creatures
  A two-headed ogre (D:6)
  Prince Ribbit (D:6)
  Sigmund (D:2)
  A wyvern (D:6)
  Eustachio (D:5)
  A steam dragon (D:7)
  A water moccasin (D:4)
  Duvessa (D:5)
  An orc warrior (D:7)
  3 ice beasts
  An ogre (D:7)
  A sky beast (D:6)
  A black bear (D:4)
  A centaur (D:7)
  A phantom (D:5)
  4 bullfrogs
  3 scorpions
  2 wights (D:7)
  Dowan (D:5)
  A howler monkey (D:7)
  A bombardier beetle (D:5)
  5 hounds
  3 jellies
  2 sleepcaps
  Ijyb (D:3)
  3 iguanas
  Natasha (twice) (D:3)
  3 orc wizards
  4 gnolls (D:4)
  4 adders
  A white imp (D:6)
  2 ufetubi (D:6)
  3 dart slugs
  4 ribbon worms
  30 orcs
  13 ball pythons
  4 bats
  5 endoplasms
  2 giant cockroaches
  5 goblins
  6 hobgoblins
  4 jackals (D:2)
  2 quokkas
  3 frilled lizards
  3 kobolds
  8 rats
151 creatures vanquished.

Notes
Turn   | Place    | Note
-------+----------+-------------------------------------------
     0 | D:1      | hawla the Hill Orc Monk began the quest for the Orb.
     0 | D:1      | Reached XP level 1. HP: 19/19 MP: 1/1
   213 | D:1      | Reached XP level 2. HP: 26/26 MP: 2/2
   381 | D:1      | Reached skill level 5 in Axes
   693 | D:2      | Reached XP level 3. HP: 20/31 MP: 3/3
   916 | D:2      | Noticed Sigmund
   928 | D:2      | Killed Sigmund
   929 | D:2      | Reached skill level 8 in Axes
   929 | D:2      | Reached XP level 4. HP: 34/39 MP: 4/4
   929 | D:2      | Reached XP level 5. HP: 39/45 MP: 5/5
  1516 | D:3      | Found Ziffyadi's Antique Armour Shoppe.
  1537 | D:3      | Reached XP level 6. HP: 45/51 MP: 6/6
  1610 | D:3      | Noticed Natasha
  1616 | D:3      | Killed Natasha
  1625 | D:3      | Reached skill level 9 in Axes
  1684 | D:3      | Found a faded altar of an unknown god.
  1779 | D:3      | Noticed Natasha
  1786 | D:3      | Killed Natasha
  1995 | D:3      | Noticed Ijyb
  2006 | D:3      | Killed Ijyb
  2532 | D:4      | Reached skill level 10 in Axes
  2536 | D:4      | Reached XP level 7. HP: 53/57 MP: 7/7
  2603 | D:4      | Found a staircase to the Ecumenical Temple.
  2650 | Temple   | Entered the Ecumenical Temple
  2909 | D:4      | Reached skill level 11 in Axes
  3649 | D:5      | Entered Level 5 of the Dungeon
  3649 | D:5      | Noticed Duvessa
  3653 | D:5      | Noticed Dowan
  3664 | D:5      | Killed Duvessa
  3671 | D:5      | Killed Dowan
  3690 | D:4      | Reached skill level 12 in Axes
  3690 | D:4      | Reached XP level 8. HP: 18/64 MP: 8/8
  3908 | D:5      | Identified the +1 robe of Vlad {rF+}
  3934 | D:5      | Reached skill level 13 in Axes
  4319 | D:5      | Reached skill level 14 in Axes
  4420 | D:5      | Noticed Eustachio
  4438 | D:5      | Killed Eustachio
  4439 | D:5      | Reached skill level 5 in Fighting
  4661 | D:6      | Noticed Prince Ribbit
  4668 | D:6      | Killed Prince Ribbit
  4669 | D:6      | Reached XP level 9. HP: 36/75 MP: 9/9
  5618 | D:6      | Reached skill level 5 in Armour
  5618 | D:6      | Reached skill level 1 in Throwing
  5745 | D:6      | Noticed a two-headed ogre
  5755 | D:6      | Killed a two-headed ogre
  5988 | D:7      | Noticed Bravepunisher's ghost (weakling SpMo)
  5989 | D:7      | Found a transporter.
  5990 | D:7      | Noticed a moth of wrath
  5991 | D:7      | Found a bloodstained altar of Trog.
  5991 | D:7      | Noticed a troll
  6112 | D:7      | Reached skill level 5 in Throwing
  6359 | D:7      | Became a worshipper of Beogh the Brigand
  6359 | D:7      | Reached * piety under Beogh
  6359 | D:7      | Reached ** piety under Beogh
  6410 | D:7      | Reached XP level 10. HP: 19/83 MP: 10/10
  6665 | D:7      | Reached skill level 1 in Invocations
  6685 | D:7      | HP: 3/118 [wight/+0 halberd (8)]
  6685 | D:7      | HP: 1/115 [wight/+0 halberd (2)]
  6690 | D:7      | HP: 5/115 [wight/+0 hand axe (3)]
  6703 | D:7      | HP: 4/115 [wight/+0 halberd (4)]
  6707 | D:7      | HP: 1/115 [acid (4)]
  6708 | D:7      | Splashed by a jelly's acid

Illustrated notes

Levels and vault maps discovered:
D:1:      minmay_arrival_arboretum_large, layout_basic
D:2:      layout_basic, uniq_sigmund
D:3:      layout_basic, hellmonk_ecumenical_altar_leap_of_faith, serial_shops,
          nicolae_shop_overgrown_old_shop, corexii_corridor_pit,
          hex_intersection, uniq_natasha, uniq_ijyb
D:4:      layout_layer_cave, minmay_temple_entry_offerings,
          nicolae_kite_square_tiling_tiny
D:5:      layout_rooms, uniq_eustachio, uniq_duvessa
D:6:      layout_loops_cross, minmay_small_thing, uniq_prince_ribbit1
D:7:      minmay_chambers_of_sixes, layout_cave_pods,
          gammafunk_ghost_wrathful_warriors, minmay_misc_feat_roman,
          kennysheep_generic_room_6
Temple:   regret_index_temple_mists

Skill      XL: |  1  2  3  4  5  6  7  8  9 10 |
---------------+-------------------------------+-----
Axes           | 5 8 10 12 14 | 14.0
Fighting       | 6 |  6.0
Armour         | 2 5 |  5.0
Throwing       | 5 6 |  6.0
Invocations    | 4 |  4.2
Dodging        | |  2.4

Action                     |  1- 3 |  4- 6 |  7- 9 | 10-12 || total
---------------------------+-------+-------+-------+-------++-------
  Melee: Hand axe          |    83 |   116 |   278 |    41 ||   518
 Invoke: Convert to Beogh  |       |       |     1 |       ||     1
  Evoke: Wand              |       |       |       |     7 ||     7
    Use: Scroll            |     4 |     4 |       |     1 ||     9
         Potion            |       |       |     6 |     2 ||     8
   Stab: Paralysed         |       |       |       |     2 ||     2
 Armour: Robe              |    39 |    56 |   130 |    22 ||   247
         Skin              |       |       |    32 |    39 ||    71
  Dodge: Dodged            |    63 |    44 |   106 |    24 ||   237
